 Dungeon Crawl Stone Soup version 0.30-a0-779-g7971cf19c3 (webtiles) character file.

Game seed: 12290694680696770288

180952 Anon1729 the Alchemist (level 17, -12/207 HPs)
             Began as a Merfolk Monk on Feb 17, 2023.
             Was an Elder of Ashenzari.
             Killed from afar by a merfolk aquamancer (34 damage)
             ... with a torrent of water
             ... on level 2 of the Shoals on Feb 18, 2023.
             The game lasted 01:19:14 (30488 turns).

Anon1729 the Alchemist (Merfolk Monk)              Turns: 30488, Time: 01:19:15

Health: -12/207    AC: 20    Str: 22    XL:     17   Next: 93%
Magic:  38/41      EV: 16    Int: 16    God:    Ashenzari [****..]
Gold:   1268       SH:  0    Dex: 17    Spells: 4/38 levels left

rFire   + + .      SeeInvis +      - Unarmed
rCold   x . .      Faith    .    (shield currently unavailable)
rNeg    . . .      Spirit   .    (body armour currently unavailable)
rPois   +          Reflect  .    (helmet currently unavailable)
rElec   .          Harm     .    (cloak currently unavailable)
rCorr   .          Rampage  .    (gloves currently unavailable)
Will    +....      Clarity  +    (boots currently unavailable)
Stlth   ++++++                   h - amulet of the Mantic Hedonism {Regen+, Cun, Self} (curse)
HPRegen 1.34/turn                i - ring "Henotheism of Ashenzari" {AC+4, Elem, Bglg} (curse)
MPRegen 0.27/turn                J - ring "Gaze Upon Infinity" {MP+9, Alch, Evo} (curse)

@: short of breath, dragon-form, flying
A: dragon claw, dragon scales, breathe fire, flying, boosted hp, giant, (nimble
swimmer 2), (mertail)
}: 1/15 runes: serpentine
a: Breathe Fire, End Transformation, Renounce Religion, Curse Item, Shatter the
Chains


You were on level 2 of the Shoals.
You worshipped Ashenzari.
Ashenzari was greatly pleased with you.
You were a fearsome dragon!
You visited 6 branches of the dungeon, and saw 29 of its levels.
You visited the Abyss 1 time.
You also visited: Sewer and Ice Cave.

You collected 3565 gold pieces.
You spent 2297 gold pieces at shops.

Inventory:

Missiles
 o - 39 poisoned darts
 y - 20 javelins
 A - 5 throwing nets
Armour
 w - the cursed +2 pair of boots "Per Aspera Ad Scientiam" (melded) {*Slow Regen+ Str+4, Cun, Alch}
   (You found it on level 5 of the Dungeon)

   Str:       It affects your strength (+4).
   Regen:     It increases your rate of health regeneration.
   *Slow:     It may slow you when you take damage.
   It has a curse which improves the following skills: Cunning: Dodging and
   Stealth.
   Alchemy:   Poison Magic and Transmutations.
 F - the cursed +0 cloak of Ashenzari's Oracle (melded) {Self, Bglg}
   (You found it on level 9 of the Dungeon)

   It has a curse which improves the following skills: Introspection: Fighting
   and Spellcasting.
   Beguiling: Conjurations, Hexes and Translocations.
 H - the cursed +2 pair of gloves of the Wild Blue Yonder (melded) {Elem, Alch}
   (You bought it in a shop on level 11 of the Dungeon)

   It has a curse which improves the following skills: Elements: Fire Magic, Ice
   Magic, Air Magic and Earth Magic.
   Alchemy:   Poison Magic and Transmutations.
 W - the +3 hat of Pondering (melded) {ponderous, Will+ MP+10 Int+5}
   (You bought it in a shop on level 2 of the Orcish Mines)

   Int:       It affects your intelligence (+5).
   MP:        It affects your magic capacity (+10).
   Will:      It increases your willpower.
 X - the +4 robe of Folly (melded) {Brill Will-∞ Int+8}
   (You bought it in a shop on level 1 of the Orcish Mines)

   Brill:     It increases the power of your magical spells and halves their MP
   cost (rounding up).
   Will-∞: It reduces your willpower to zero.
   Int:       It affects your intelligence (+8).
Jewellery
 a - a +6 ring of intelligence
 h - the cursed amulet of the Mantic Hedonism (around neck) {Regen+, Cun, Self}
   (You found it on level 3 of the Dungeon)

   [amulet of regeneration]

   Regen:     It increases your rate of health regeneration.
   It has a curse which improves the following skills: Cunning: Dodging and
   Stealth.
   Introspection: Fighting and Spellcasting.
 i - the cursed ring "Henotheism of Ashenzari" (left foreclaw) {AC+4, Elem, Bglg}
   (You found it on level 3 of the Dungeon)

   [ring of protection]

   AC:        It affects your AC (+4).
   It has a curse which improves the following skills: Elements: Fire Magic, Ice
   Magic, Air Magic and Earth Magic.
   Beguiling: Conjurations, Hexes and Translocations.
 J - the cursed ring "Gaze Upon Infinity" (right foreclaw) {MP+9, Alch, Evo}
   (You found it on level 2 of the Lair of Beasts)

   [ring of magical power]

   MP:        It affects your magic capacity (+9).
   It has a curse which improves the following skills: Alchemy: Poison Magic and
   Transmutations.
   Evocations: Evocations.
 T - a ring of protection from fire
Wands
 r - a wand of iceblast (7)
 t - a wand of charming (33)
 I - a wand of digging (1)
 N - a wand of mindburst (15)
 U - a wand of polymorph (13)
Scrolls
 b - 5 scrolls of vulnerability
 c - 5 scrolls of enchant weapon
 d - 7 scrolls of fear
 e - 3 scrolls of immolation
 f - 3 scrolls of silence
 g - 4 scrolls of magic mapping
 j - 4 scrolls of poison
 n - 2 scrolls of brand weapon
 p - a scroll of acquirement
 q - 9 scrolls of teleportation
 u - a scroll of summoning
 v - 3 scrolls of torment
 z - a scroll of blinking
 G - a scroll of fog
 L - 8 scrolls of amnesia
 R - 3 scrolls of enchant armour
Potions
 k - 4 potions of curing
 l - 6 potions of flight
 m - a potion of resistance
 s - 6 potions of might
 x - a potion of cancellation
 C - 2 potions of berserk rage
 D - 6 potions of lignification
 E - 6 potions of magic
 K - a potion of haste
 M - 4 potions of mutation
 P - 2 potions of invisibility
 Q - a potion of ambrosia
 S - 3 potions of brilliance
Miscellaneous
 O - a tin of tremorstones (2/2)


   Skills:
 + Level 11.7(13.6) Fighting
 + Level 8.0 Maces & Flails
 - Level 3.0 Armour
 + Level 13.7(15.6) Dodging
 + Level 12.5(14.4) Stealth
 + Level 11.9 Unarmed Combat
 * Level 9.3(11.3) Spellcasting
 * Level 17.2(19.0) Transmutations
 - Level 6.1(8.1) Fire Magic
 + Level 10.6(12.5) Ice Magic
 - Level 4.7(6.6) Earth Magic
 + Level 9.1(11.1) Poison Magic


You had 4 spell levels left.
You knew the following spells:

 Your Spells              Type           Power      Damage    Failure   Level
a - Frozen Ramparts       Ice            98%        1d15      1%          3
b - Blade Hands           Tmut           31%        N/A       1%          5
c - Olgreb's Toxic Radia  Pois           44%        N/A       1%          4
d - Ignite Poison         Fire/Tmut/Pois 49%        N/A       1%          3
e - Passwall              Tmut/Erth      41%        N/A       1%          2
f - Statue Form           Tmut/Erth      33%        N/A       6%          6
g - Petrify               Tmut/Erth      50%        N/A       1%          4
h - Dragon Form           Tmut           31%        N/A       2%          7

Your spell library contained the following spells:

 Spells                   Type           Power      Damage    Failure   Level
 Sting                    Tmut/Pois      100%       1d8       0%          1
 Foxfire                  Conj/Fire      88%        2x1d8     1%          1
 Freeze                   Ice            100%       1d10      1%          1
 Sandblast                Erth           60%        2d14      1%          1
 Ensorcelled Hibernation  Hex/Ice        58%        N/A       1%          2
 Poisonous Vapours        Pois/Air       54%        N/A       1%          2
 Hailstorm                Conj/Ice       29%        3d8       1%          3
 Spider Form              Tmut/Pois      55%        N/A       1%          3
 Inner Flame              Hex/Fire       22%        N/A       4%          3
 Mephitic Cloud           Conj/Pois/Air  21%        N/A       4%          3
 Stone Arrow              Conj/Erth      40%        3d9       6%          3
 Magic Dart               Conj           36%        1d4       8%          1
 Shock                    Conj/Air       36%        1d5       8%          1
 Kindle Blastsparks       Fire/Tloc/Air  36%        2d13      8%          3
 Call Imp                 Summ           9%         N/A       12%         2
 Flame Wave               Conj/Fire      22%        2d8       14%         4
 Sticky Flame             Conj/Fire      22%        2d4       14%         4
 Leda's Liquefaction      Hex/Erth       10%        N/A       19%         4
 Animate Armour           Summ/Erth      38%        N/A       21%         4
 Gell's Gravitas          Tloc           9%         N/A       22%         3
 Portal Projectile        Hex/Tloc       18%        N/A       22%         3
 Swiftness                Air            9%         N/A       22%         3
 Teleport Other           Tloc           9%         N/A       22%         3
 Tukima's Dance           Hex            9%         N/A       22%         3
 Vhi's Electric Charge    Tloc/Air       18%        N/A       22%         3
 Call Canine Familiar     Summ           9%         N/A       24%         3
 Airstrike                Air            4%         2d(1-17)  58%         4
 Anguish                  Hex/Necr       4%         N/A       58%         4
 Alistair's Intoxication  Tmut/Pois      36%        N/A       1%          5
 Eringya's Noxious Bog    Tmut/Pois      27%        N/A       2%          6
 Irradiate                Conj/Tmut      19%        3d18      4%          5
 Metabolic Englaciation   Hex/Ice        14%        N/A       16%         5
 Fireball                 Conj/Fire      11%        3d7       36%         5
 Freezing Cloud           Conj/Ice/Air   11%        6-21      36%         5
 Borgnjor's Vile Clutch   Necr/Erth      9%         N/A       50%         5
 Arcjolt                  Conj/Air       4%         1d14      90%         5
 Summon Forest            Summ/Tloc      4%         N/A       91%         5
 Starburst                Conj/Fire      11%        6d5       91%         6
 Dispersal                Tloc           4%         N/A       100%        6
 Maxwell's Capacitive Co  Air            4%         ∞         100%        8


Dungeon Overview and Level Annotations

Branches:
Dungeon (15/15)            Temple (1/1) D:5            Lair (5/5) D:9
 Shoals (2/4) Lair:3        Snake (4/4) Lair:3        Slime (0/5) Lair:5
    Orc (2/2) D:9             Elf (0/3) Orc:2        Vaults (0/5) D:14
 Depths (0/4) D:15          Sewer (visited)           IceCv (visited)

Altars:
Ashenzari
Cheibriados
Dithmenos
Elyvilon
Fedhas
Gozag
Hepliaklqana
Kikubaaqudgha
Makhleb
Nemelex Xobeh
Okawaru
Qazlal
Ru
Sif Muna
Trog
Uskayaw
Vehumet
Wu Jian
Xom
Yredelemnul
Zin
The Shining One
Jiyva

Shops:
D:1 !   D:11 *   Orc:1 *([!   Orc:2 ([[(*   Snake:1 =   Snake:3 *   Snake:4 (

Portals:
Trove: D:14 (give 4 potions of resistance)

Annotations:
D:3 2 transporters, Twiddyhohoho's ghost, amateur DgFE
D:7 2 transporters, gengaozo's ghost, novice FoHu
D:10 exclusion: hydra
D:13 2 transporters, Nuacieket's ghost, journeyman TrFi
Lair:3 3 runed translucent doors, derval's ghost, journeyman OpSu
Snake:2 1 transporter


Innate Abilities, Weirdness & Mutations

You are a fearsome dragon!
You have a powerful clawing attack.
Your giant scaled body is strong and resiliant, but less evasive.
You can breathe fire.
You are flying.
Your maximum health is greatly increased.
Your armour is entirely melded.
You are incapable of wielding weapons or throwing items.
((You are very nimble when in or above water. (Stealth+, EV+, Speed+++)))
((Your lower body shifts to a powerful aquatic tail in water.))


Message History

The merfolk impaler hits you but does no damage.
The merfolk impaler hits you from afar with a +1 trident of venom!
A water elemental comes into view.
The satyr shoots an arrow.
The arrow hits you.
Aiming: Breathe Fire (0% risk of failure)
Press: ? - help, Shift-Dir - straight line, f - merfolk impaler
Aim: a merfolk impaler, wielding a +1 trident of venom and wearing a +0 robe (heavily wounded, 55% to hit)
You breathe a blast of fire.
The fiery breath hits the merfolk impaler!!
The merfolk impaler is almost dead.
You feel very sick.
A nearby plant withers and dies.
The merfolk aquamancer points at you and mumbles some strange words.
The shard of ice hits you!!
You feel a painful chill!
* * * LOW HITPOINT WARNING * * *
The merfolk impaler is engulfed in a cloud of scalding steam.
The merfolk impaler hits you from afar with a +1 trident of venom!
* * * LOW HITPOINT WARNING * * *
You are more poisoned.
The merfolk impaler is engulfed in a cloud of scalding steam.
You kill the merfolk impaler!
You hear a splash. x2
A water elemental comes into view.
The satyr shoots an arrow.
The arrow hits you!
* * * LOW HITPOINT WARNING * * *
Blink to where?
Press: ? - help, Dir - move target
As you read the scroll of blinking, it crumbles to dust.
* * * LOW HITPOINT WARNING * * *
You feel extremely sick.
A sea snake comes into view.
Okay, then.
As you read the scroll of fog, it crumbles to dust.
The scroll dissolves into smoke.
* * * LOW HITPOINT WARNING * * *
You feel very sick.
You feel better.
The merfolk aquamancer points at you and mumbles some strange words.
The torrent of water hits you!!
You die...

~ ~~ ~~ ~ ,,, ~~ ~~
≈≈≈≈~~~~~~~~~PP **, ** *
~ ≈≈≈≈≈~~~~~~~~PPP * ~
≈≈≈≈≈≈≈≈≈≈~P~PPP.P. ~ ~~
~≈≈≈≈≈≈≈≈≈≈≈≈PPPPP.P , ~
~ ~
≈≈≈≈≈≈≈≈P~~PPP~...P..# *,
~~~~
≈≈≈≈≈≈§§§~~~PPPPP.~P.., ,
~ ~≈≈≈≈≈§§§§§~~~...~~...
,,
~~...~~~§§DP§~~~..P..^.$
,,,..S...§§§§§~..##......
~ ~
####..§§§)).)......#..~,
~ * ##....##).>........ ,
* #...†.##.m~.~~.~~~~ ,,
, , * ####...c.~~P...E~P~
, ,* ##...P~~~.E.E~~P~ *
, ,* *#....~~~~.###.P~~
~,* ,**..~..P§§~## , ~~P,


You could see a merfolk aquamancer and a water elemental.

Vanquished Creatures
  Rupert (Snake:1)
  Asterion (Snake:1)
  Frances (D:13)
  A kraken (Shoals:1)
  6 nagarajas
  Louise (Snake:1)
  Aizul (Snake:1)
  Nessos (Lair:5)
  The ghost of funkygono the Scorcher, a journeyman GrFE of Sif Muna (Orc:2)
  The ghost of Athor the Covert, a journeyman VSEn of Okawaru (Lair:5)
  A merfolk impaler (Shoals:2)
  2 spriggan zombies
  3 hydras
  3 salamander tyrants (Snake:4)
  A caustic shrike simulacrum (IceCv)
  4 anacondas
  4 centaur warriors
  A boulder beetle (Lair:2)
  A merfolk avatar (Shoals:2)
  2 dancing weapons (D:14)
  A fenstrider witch skeleton (Abyss:2)
  12 naga warriors
  3 tengu warriors
  A two-headed ogre (D:9)
  A death yak (Lair:4)
  Urug (D:11)
  4 orc high priests (Orc:2)
  15 naga sharpshooters
  6 shock serpents
  Amaemon (D:11)
  8 salamander mystics
  A fire crab (Lair:3)
  A sixfirhy (Abyss:2)
  A wretched star (Abyss:2)
  10 skeletal warriors
  2 skysharks
  3 sea snakes
  5 naga ritualists
  A deep troll (Lair:1)
  A flayed ghost (D:15)
  A tengu zombie (D:15)
  A golden dragon skeleton (D:15)
  A wizard (D:15)
  A lindwurm (Lair:4)
  5 mana vipers
  2 deep elf zephyrmancers (D:10)
  A deep elf pyromancer (D:13)
  A necromancer (D:15)
  An orc sorcerer (Orc:2)
  10 salamanders
  4 manticores
  7 cyclopes
  12 ugly things
  5 fauns
  5 guardian serpents
  9 elephants
  12 naga magi
  A sphinx skeleton (D:15)
  A water nymph (Shoals:1)
  4 merfolk sirens
  33 black mambas
  A torpor snail (Lair:5)
  A gargoyle (D:11)
  23 cane toads
  An orange demon (D:11)
  2 rime drakes
  4 komodo dragons
  3 kobold demonologists (D:12)
  3 freezing wraiths
  An anaconda simulacrum (IceCv)
  3 efreet
  An ancient zyme (Abyss:2)
  9 trolls
  3 tyrant leeches
  9 merfolk
  2 polar bears
  A wind drake (Shoals:1)
  A hornet (shapeshifter) (D:13)
  13 dream sheep
  19 blink frogs
  9 slime creatures
  4 snapping turtles (Shoals:1)
  A wraith (Abyss:2)
  A black mamba zombie (Abyss:2)
  3 water elementals (D:14)
  2 dire elephant simulacra (IceCv)
  5 shadows
  3 wyverns
  45 yaks
  A large abomination (Abyss:2)
  3 basilisks
  A redback (shapeshifter) (D:14)
  5 vampire mosquitoes
  A steam dragon (D:9)
  51 nagas
  3 acid dragons
  A hydra simulacrum (IceCv)
  11 water moccasins
  A swamp drake (D:10)
  An ice beast (D:8)
  11 orc warriors
  A small abomination (Abyss:2)
  2 black bears
  2 alligator simulacra (IceCv)
  An ettin simulacrum (IceCv)
  4 ogres
  8 centaurs
  24 wolves
  6 kobold brigands
  7 gnoll sergeants
  12 bullfrogs
  A necrophage (D:6)
  4 scorpions
  9 wights (D:9)
  2 lindwurm simulacra (IceCv)
  2 howler monkeys
  3 electric eels
  A crimson imp (D:10)
  12 hounds
  An iron imp (D:10)
  2 gnoll boudas (D:6)
  2 jellies
  21 orc priests
  2 iguanas
  31 orc wizards
  29 gnolls
  6 adders
  A river rat (Sewer)
  A shadow imp (D:10)
  A white imp (D:10)
  4 worms
  2 dart slugs
  44 orcs
  2 endoplasms
  2 giant cockroaches
  A goblin (D:3)
  4 hobgoblins
  6 jackals
  3 ball pythons
  A bat (D:1)
  A frilled lizard (D:1)
  25 kobolds
  2 rats
  4 tentacles (Shoals:1)
794 creatures vanquished.

Vanquished Creatures (collateral kills)
  2 very ugly things (IceCv)
  A caustic shrike simulacrum (IceCv)
  An anaconda (Snake:4)
  A shock serpent (Snake:4)
  2 orange crystal statues (IceCv)
  A mana viper (Snake:4)
  A naga mage (Snake:4)
  3 freezing wraiths (IceCv)
  A dire elephant simulacrum (IceCv)
  3 ettin simulacra (IceCv)
  An alligator simulacrum (IceCv)
17 creatures vanquished.

Vanquished Creatures (others)
  Sonja (D:12)
  A small abomination (Abyss:2)
  An orc (D:10)
  26 fungi
  113 plants
  3 tentacles (Shoals:1)
  A withered plant (D:15)
146 creatures vanquished.

Grand Total: 957 creatures vanquished

Notes
Turn   | Place    | Note
-------+----------+-------------------------------------------
     0 | D:1      | Anon1729 the Merfolk Monk began the quest for the Orb.
     0 | D:1      | Reached XP level 1. HP: 18/18 MP: 1/1
   342 | D:1      | Found Quym's Distillery.
   347 | D:1      | Reached XP level 2. HP: 24/24 MP: 2/2
   801 | D:1      | Bought a potion of degeneration for 12 gold pieces
   851 | D:2      | Reached XP level 3. HP: 15/29 MP: 3/3
   965 | D:2      | You fall into a shaft and drop 1 floor!
   967 | D:3      | Noticed a phantom
   972 | D:3      | Found a transporter.
   986 | D:3      | Noticed Twiddyhohoho's ghost (amateur DgFE)
   987 | D:3      | Found a transporter.
  1437 | D:3      | Found an ornate altar of the Wu Jian Council.
  1860 | D:4      | Found a white marble altar of Elyvilon.
  1970 | D:4      | Found a glowing drain.
  1990 | Sewer    | Entered a sewer
  2005 | Sewer    | Reached XP level 4. HP: 29/37 MP: 4/4
  2064 | Sewer    | Noticed a kobold brigand
  2065 | Sewer    | Noticed a kobold brigand
  2130 | Sewer    | Killed a kobold brigand
  2131 | Sewer    | Reached skill level 5 in Dodging
  2131 | Sewer    | Reached XP level 5. HP: 32/42 MP: 5/5
  2144 | Sewer    | Killed a kobold brigand
  2200 | Sewer    | Found a white marble altar of Elyvilon.
  2480 | D:4      | Noticed an orc warrior
  2560 | D:5      | Entered Level 5 of the Dungeon
  2612 | D:5      | Reached XP level 6. HP: 43/49 MP: 6/6
  2634 | D:5      | Found a staircase to the Ecumenical Temple.
  2682 | Temple   | Entered the Ecumenical Temple
  2861 | Temple   | Became a worshipper of Ashenzari the Shackled
  2988 | D:5      | Reached skill level 5 in Fighting
  2988 | D:5      | Reached skill level 5 in Unarmed Combat
  2996 | D:5      | Reached XP level 7. HP: 49/56 MP: 7/7
  3128 | D:5      | Learned a level 3 spell: Frozen Ramparts
  3173 | D:5      | Identified the +2 pair of boots of Summertime {*Slow Regen+
                  | Str+4}
  3498 | D:6      | Reached skill level 5 in Stealth
  3498 | D:6      | Reached skill level 1 in Transmutations
  3532 | D:6      | Reached skill level 2 in Transmutations
  3532 | D:6      | Reached skill level 1 in Ice Magic
  3555 | D:6      | Found an opulent altar of Gozag.
  3678 | D:6      | Reached * piety under Ashenzari
  3724 | D:6      | Reached skill level 1 in Maces & Flails
  3724 | D:6      | Reached XP level 8. HP: 48/63 MP: 8/8
  3806 | D:6      | Reached skill level 3 in Transmutations
  3840 | D:6      | Found a sparkling altar of Nemelex Xobeh.
  4015 | D:6      | Reached skill level 4 in Transmutations
  4463 | D:6      | Reached skill level 5 in Transmutations
  4477 | D:6      | Reached XP level 9. HP: 66/69 MP: 9/9
  4708 | D:7      | Found a shimmering altar of Xom.
  4810 | D:7      | Found a hide-covered altar of Uskayaw.
  4811 | D:7      | Found a bloodstained altar of Trog.
  4811 | D:7      | Found an iron altar of Okawaru.
  4812 | D:7      | Found a snail-covered altar of Cheibriados.
  4866 | D:7      | Noticed a moth of wrath
  4867 | D:7      | Found a bloodstained altar of Trog.
  4869 | D:7      | Noticed gengaozo's ghost (novice FoHu)
  4874 | D:7      | Found a transporter.
  4876 | D:7      | Found a transporter.
  5015 | D:7      | Found a glowing golden altar of the Shining One.
  5116 | D:7      | Learned a level 5 spell: Blade Hands
  5180 | D:8      | Noticed a troll
  5259 | D:8      | Killed a troll
  5260 | D:8      | Reached skill level 6 in Transmutations
  5677 | D:8      | Reached skill level 7 in Transmutations
  5865 | D:9      | Reached skill level 1 in Armour
  5888 | D:9      | Found a staircase to the Lair.
  5934 | D:9      | Reached XP level 10. HP: 77/77 MP: 10/10
  6167 | D:9      | Reached ** piety under Ashenzari
  6365 | D:9      | Found a staircase to the Orcish Mines.
  6392 | D:9      | Noticed a two-headed ogre
  6401 | D:9      | Killed a two-headed ogre
  6402 | D:9      | Reached skill level 8 in Transmutations
  6537 | D:9      | Noticed a cyan ugly thing
  6555 | D:9      | Killed a cyan ugly thing
  6801 | D:10     | Entered Level 10 of the Dungeon
  6913 | D:10     | Found a radiant altar of Vehumet.
  6916 | D:10     | Noticed a six-headed hydra
  7086 | D:10     | Reached skill level 5 in Ice Magic
  7409 | D:10     | Reached skill level 9 in Transmutations
  7975 | D:11     | Noticed Urug
  7993 | D:11     | Killed Urug
  7994 | D:11     | Reached XP level 11. HP: 38/87 MP: 6/11
  8054 | D:11     | Noticed Amaemon
  8083 | D:11     | Killed Amaemon
  8084 | D:11     | Reached skill level 1 in Poison Magic
  8290 | D:11     | Identified the Incunabulum of Exothermic Erosion
  8490 | D:11     | Found Wigarul's Assorted Antiques.
  8536 | D:11     | Bought a pair of gloves for 130 gold pieces
  9093 | D:12     | Noticed Sonja
  9106 | Abyss:2  | Cast into level 2 of the Abyss (Sonja)
  9173 | Abyss:2  | Reached skill level 10 in Transmutations
  9173 | Abyss:2  | Reached skill level 1 in Fire Magic
  9338 | Abyss:2  | Noticed a starcursed mass
  9351 | Abyss:2  | Noticed a wretched star
  9367 | Abyss:2  | Killed a wretched star
  9391 | Abyss:2  | Noticed a sixfirhy
  9402 | Abyss:2  | Killed a sixfirhy
  9460 | Abyss:2  | Noticed a mana viper
  9685 | Abyss:2  | Killed a mana viper
  9720 | D:12     | Escaped the Abyss
  9720 | D:12     | Noticed a cyclops
  9724 | D:12     | Your ally Sonja died
  9862 | D:12     | Killed a cyclops
 10030 | D:12     | Reached XP level 12. HP: 96/96 MP: 7/12
 10248 | D:12     | Reached skill level 10 in Dodging
 10261 | D:12     | Reached skill level 11 in Transmutations
 10283 | D:12     | Identified the cursed +2 pair of gloves of the Wild Blue
                  | Yonder {Elem, Alch} (You bought it in a shop on level 11 of
                  | the Dungeon)
 10611 | D:12     | Reached skill level 5 in Maces & Flails
 10941 | D:12     | Noticed a +3 dagger
 10946 | D:12     | Found a hide-covered altar of Uskayaw.
 11311 | Lair:1   | Entered Level 1 of the Lair of Beasts
 11328 | Lair:1   | Reached *** piety under Ashenzari
 11574 | Lair:1   | Reached skill level 1 in Spellcasting
 12064 | Lair:1   | Learned a level 4 spell: Olgreb's Toxic Radiance
 12068 | Lair:1   | Learned a level 3 spell: Ignite Poison
 12281 | Lair:1   | Reached skill level 12 in Transmutations
 12349 | Lair:1   | Reached XP level 13. HP: 95/104 MP: 8/17
 13127 | Lair:2   | Reached skill level 1 in Earth Magic
 13457 | Lair:2   | Reached skill level 5 in Poison Magic
 13476 | Lair:2   | Reached **** piety under Ashenzari
 13956 | Lair:3   | Found a staircase to the Shoals.
 14482 | Lair:3   | Found a runed translucent gate.
 14482 | Lair:3   | Found a runed translucent gate.
 14482 | Lair:3   | Found a runed translucent gate.
 14485 | Lair:3   | Noticed derval's ghost (journeyman OpSu)
 14489 | Lair:3   | Found a viscous altar of Jiyva.
 14489 | Lair:3   | Identified the +8 glaive of Truncation {elec, Fragile
                  | Dex+6}
 14546 | Lair:3   | Found a staircase to the Snake Pit.
 14969 | Lair:4   | Reached skill level 10 in Stealth
 15063 | Lair:4   | Reached skill level 13 in Transmutations
 15134 | Lair:4   | Reached ***** piety under Ashenzari
 15418 | Lair:4   | Reached XP level 14. HP: 117/119 MP: 26/26
 15737 | Lair:5   | Entered Level 5 of the Lair of Beasts
 15910 | Lair:5   | Found a runed translucent door.
 15910 | Lair:5   | Noticed Athor's ghost (journeyman VSEn)
 15910 | Lair:5   | Identified a scroll of acquirement
 15914 | Lair:5   | Found a staircase to the Slime Pits.
 15915 | Lair:5   | Found a viscous altar of Jiyva.
 16029 | Lair:5   | Noticed Nessos
 16222 | Lair:4   | Reached skill level 10 in Unarmed Combat
 16274 | Lair:5   | Reached skill level 5 in Spellcasting
 17057 | Lair:5   | Reached skill level 14 in Transmutations
 17095 | Lair:5   | Killed Athor's ghost
 17107 | Lair:5   | Acquired 693 gold pieces
 17531 | Lair:5   | Killed Nessos
 17647 | Orc:1    | Entered Level 1 of the Orcish Mines
 17727 | Orc:1    | Found Temylek's Assorted Antiques.
 17834 | Orc:1    | Found Ceorr's Distillery.
 17863 | Orc:1    | Bought a potion of heal wounds for 65 gold pieces
 17863 | Orc:1    | Bought a potion of might for 52 gold pieces
 17863 | Orc:1    | Bought a potion of might for 52 gold pieces
 17863 | Orc:1    | Bought a potion of magic for 104 gold pieces
 17863 | Orc:1    | Bought a potion of flight for 39 gold pieces
 17877 | Orc:1    | Found Upamolivu's Antique Armour Boutique.
 18042 | Orc:1    | Found Opoclega's Antique Weapon Emporium.
 18184 | Orc:2    | Entered Level 2 of the Orcish Mines
 18341 | Orc:2    | Found Nahidaub's Antique Weapon Emporium.
 18591 | Orc:2    | Found Hypt's Antique Armour Boutique.
 18591 | Orc:2    | Found Ahaopuf's Weapon Shop.
 18633 | Orc:2    | Found Cufuomufir's General Store.
 18674 | Orc:2    | Found Hycer's Armour Boutique.
 18678 | Orc:2    | Bought the +3 hat of Pondering {ponderous, Will+ MP+10
                  | Int+5} for 419 gold pieces
 18678 | Orc:2    | Found the +3 hat of Pondering {ponderous, Will+ MP+10
                  | Int+5}
 18703 | Orc:2    | Reached XP level 15. HP: 127/127 MP: 26/29
 18896 | Orc:2    | Found a staircase to the Elven Halls.
 18908 | Orc:2    | Found a runed translucent door.
 18914 | Orc:2    | Noticed funkygono's ghost (journeyman GrFE)
 19228 | Orc:2    | Learned a level 2 spell: Passwall
 19235 | Orc:2    | Learned a level 6 spell: Statue Form
 19240 | Orc:2    | Learned a level 4 spell: Petrify
 19258 | Orc:2    | Killed funkygono's ghost
 19322 | Orc:1    | Bought the +4 robe of Folly {Brill Will-∞ Int+8} for 1424
                  | gold pieces
 19322 | Orc:1    | Found the +4 robe of Folly {Brill Will-∞ Int+8}
 19326 | Orc:1    | Learned a level 3 spell: Spider Form
 19368 | Orc:1    | Identified the cursed +0 cloak of Ashenzari's Oracle {Self,
                  | Bglg} (You found it on level 9 of the Dungeon)
 19368 | Orc:1    | Identified the cursed +1 hat "Bound With Me" {Cun, Alch}
                  | (You found it on level 10 of the Dungeon)
 19368 | Orc:1    | Identified the cursed +0 troll leather armour of Curses and
                  | Power {Regen+, Alch, Self} (You found it on level 8 of the
                  | Dungeon)
 19617 | D:13     | Found a transporter.
 19754 | D:13     | Noticed Frances
 19765 | D:13     | Killed Frances
 19766 | D:13     | Reached skill level 10 in Fighting
 19791 | D:13     | Paralysed by a hornet for 1 turns
 20096 | D:13     | Found a transporter.
 20115 | D:13     | Noticed Nuacieket's ghost (journeyman TrFi)
 20191 | D:14     | Found a portal to a secret trove of treasure.
 20346 | D:14     | Found a frozen archway.
 20353 | IceCv    | Entered an ice cave
 20378 | IceCv    | Identified the +0 helmet of Panentheism {Rampage Int+3
                  | SInv}
 20549 | IceCv    | Learned a level 7 spell: Dragon Form
 20610 | IceCv    | Identified the ring "Joriuwn" {Ice Int+2}
 20717 | D:14     | Found a radiant altar of Vehumet.
 20955 | D:14     | Found a gate to the Vaults.
 22165 | D:15     | Entered Level 15 of the Dungeon
 22192 | D:15     | Reached skill level 15 in Transmutations
 22526 | D:15     | Found a staircase to the Depths.
 22551 | D:15     | Reached skill level 5 in Fire Magic
 22676 | D:15     | Found a glowing silver altar of Zin.
 22676 | D:15     | Noticed an angel
 23166 | Snake:1  | Entered Level 1 of the Snake Pit
 23174 | Snake:1  | Reached XP level 16. HP: 129/129 MP: 29/29
 23317 | Snake:1  | Noticed Louise
 23323 | Snake:1  | Killed Louise
 23398 | Snake:1  | Noticed Rupert
 23409 | Snake:1  | Killed Rupert
 23578 | Snake:1  | Noticed Aizul
 23586 | Snake:1  | Killed Aizul
 24050 | Snake:1  | Found Vaiggaz's Jewellery Boutique.
 24180 | Snake:2  | Noticed Asterion
 24547 | Snake:2  | Noticed an Executioner
 24622 | Snake:2  | Noticed an Executioner
 24627 | Snake:1  | Killed Asterion
 24754 | Snake:2  | Noticed a nagaraja
 24761 | Snake:2  | Killed a nagaraja
 24891 | Snake:2  | Noticed a nagaraja
 24932 | Snake:2  | Found a transporter.
 24933 | Snake:2  | Found a shimmering blue altar of Sif Muna.
 24933 | Snake:2  | Identified the +0 cloak of the Doldrums {Harm rF- Dex+5
                  | SInv}
 24937 | Snake:2  | Noticed a nagaraja
 24938 | Snake:2  | Identified the Almanac of Overcast Refrigeration
 25286 | Snake:3  | Found Sadumeju's CLEARANCE SALE!.
 25313 | Snake:3  | Reached skill level 16 in Transmutations
 25665 | Snake:3  | Found a burning altar of Makhleb.
 25675 | Snake:3  | Noticed a nagaraja
 25700 | Snake:3  | Killed a nagaraja
 27015 | Snake:4  | Entered Level 4 of the Snake Pit
 27078 | Snake:4  | Reached skill level 10 in Ice Magic
 27078 | Snake:4  | Reached XP level 17. HP: 136/136 MP: 31/31
 27099 | Snake:4  | Identified the Omnibus of the Familiar
 27630 | Snake:4  | Found Laquriq's Weapon Boutique.
 28451 | Snake:4  | Identified the +1 pair of boots of Ikkeuhaf {rC+ Str+5}
 28866 | Snake:4  | Identified the +1 ring mail of Egeguoju {Contam rC++ Str+2
                  | Slay+2}
 29087 | Snake:4  | Reached skill level 17 in Transmutations
 29173 | Snake:4  | Got a serpentine rune of Zot
 29414 | Shoals:1 | Entered Level 1 of the Shoals
 29701 | Shoals:1 | Noticed a kraken
 29712 | Shoals:1 | Killed a kraken
 30487 | Shoals:2 | HP: 10/207 [poisoned by a merfolk impaler]
 30488 | Shoals:2 | Killed from afar by a merfolk aquamancer

Illustrated notes

Levels and vault maps discovered:
D:1:      mushboom_english_gardens, layout_basic, serial_shops,
          nicolae_diamond_shop, solitary_fountain
D:2:      layout_rooms, serial_shops, shop, hex_medium
D:3:      layout_basic, pdpol_wu_jian_five_deadly_venoms, gammafunk_ghost_arena,
          hangedman_decor_clover_reticule
D:4:      layout_basic, kennysheep_little_box, cheibrodos_sewer_entry_bend,
          chequers_serial_rivers_small_a, nicolae_nh_ransacked_shop
D:5:      layout_rooms, minmay_temple_entry_slanted, nicolae_zen_rock_garden
D:6:      layout_cave_pools, nemelex_diamond_rough_becter, grunt_gozag_statues,
          serial_gnoll_camp, gnoll_camp_huts_basic, gnoll_camp_mini_doghouse,
          gnoll_camp_mini_house, gnoll_camp_medium_01, gnoll_camp_mini_hut
D:7:      layout_cave_pools, chequers_temple_overflow_statue_of_worship,
          tso_altar, mainiacjoe_overflow_tiny_flanked,
          gammafunk_ghost_wrathful_warriors
D:8:      layout_basic, hangedman_abyss_or_decor_stabs, dk_rats_in_the_wall
D:9:      layout_loops_ring, dpeg_oklobed_lair
D:10:     wad_crossroads, layout_loops_corners, mainiacjoe_overflow_brackets,
          hangedman_minor_magic
D:11:     layout_basic, serial_shops, nicolae_shop_behind_doors, uniq_urug,
          uniq_amaemon
D:12:     layout_irregular_city, dancing_weapons_uskayaw, uniq_sonja
D:13:     layout_long_grid, gammafunk_ghost_mausoleum, uniq_frances
D:14:     layout_basic, erik_vaults_1, nicolae_vehumet_altar_sigil,
          enter_trove_6, portal_ice_cave_entry_pillars_1
D:15:     gammafunk_depths_entry_grave, layout_rooms, zin_angel,
          minmay_crystal_water
Temple:   bh_familiar_temple
Lair:1:   dreamdust_cave_troll, layout_layer_cave,
          chequers_serial_rivers_small_a, lemuel_fruit_tree,
          infiniplex_staircase_pool_2
Lair:2:   layout_gridlike, chequers_serial_rivers_micro_d
Lair:3:   layout_big_grid, elwin_shoals_entry_rooms, nicolae_snake_entry_squirm,
          gammafunk_ghost_ooze, minmay_stone_trees_small, grunt_megastairs_4
Lair:4:   layout_small_grid
Lair:5:   minmay_lair_end_frog_pond, layout_loops_ring, slime_entry_1,
          hellmonk_ghost_happy_afterlife, serial_bayou_shore_a, uniq_nessos
Shoals:1: layout_shoals
Shoals:2: cheibrodos_shoals_satyrical_garden, layout_shoals,
          nicolae_shoals_lost_giant_hut
Snake:1:  layout_basic, serial_shops, shop_fountains, serial_bayou_pond_e,
          uniq_louise, uniq_aizul, uniq_rupert
Snake:2:  gammafunk_sealed_library, layout_misc_corridors, uniq_asterion
Snake:3:  layout_layer_cave, basic_altar, nicolae_shop_clearance,
          grunt_megastairs_2
Snake:4:  johnstein_snake_rune_scales, layout_chambers, minmay_shop_star
Orc:1:    layout_diamond_mine, serial_shops, shop,
          nicolae_shop_advertising_works [nicolae_subvault_shop_adworks], shop,
          nicolae_shop_statue_plus
Orc:2:    st_orc_mages, layout_caves, serial_shops, nicolae_diamond_shop,
          ebering_ghost_reflecting_pool

Skill      XL: |  1  2  3  4  5  6  7  8  9 10 11 12 13 14 15 16 17 |
---------------+----------------------------------------------------+-----
Stealth        | 3 4 5 6 7 8 9 10 11 12 | 12.5
Fighting       | 4 5 6 7 8 9 10 11 | 11.7
Dodging        | 5 6 7 8 9 10 11 12 13 | 13.7
Unarmed Combat | 4 5 6 7 8 9 10 11 | 11.9
Transmutations | 2 5 7 9 10 12 13 14 15 16 17 | 17.2
Ice Magic      | 1 3 4 5 6 7 8 9 10 | 10.6
Maces & Flails | 1 2 3 4 5 6 7 8 |  8.0
Armour         | 1 2 3 |  3.0
Poison Magic   | 2 4 5 6 7 8 9 |  9.1
Fire Magic     | 1 2 3 4 5 6 |  6.1
Spellcasting   | 1 4 5 7 8 9 |  9.3
Earth Magic    | 2 4 |  4.7

Action                     |  1- 3 |  4- 6 |  7- 9 | 10-12 | 13-15 | 16-18 || total
---------------------------+-------+-------+-------+-------+-------+-------++-------
  Melee: Unarmed           |   133 |   162 |   620 |   583 |   849 |   525 ||  2872
         Punch             |     3 |     6 |    25 |    47 |    62 |    54 ||   197
         Tailslap          |       |     9 |     4 |       |    46 |   106 ||   165
         Bite              |       |       |       |       |    23 |    81 ||   104
  Throw: Dart              |       |       |     3 |     3 |       |       ||     6
   Cast: Blade Hands       |       |       |       |    42 |    84 |       ||   126
         Frozen Ramparts   |       |       |       |     1 |       |       ||     1
         Olgreb's Toxic Ra |       |       |       |       |     8 |     1 ||     9
         Ignite Poison     |       |       |       |       |     7 |       ||     7
         Dragon Form       |       |       |       |       |    15 |    47 ||    62
         Statue Form       |       |       |       |       |     2 |       ||     2
         Spider Form       |       |       |       |       |     1 |       ||     1
 Invoke: Curse Item        |       |     1 |     1 |     3 |     3 |       ||     8
         Shatter the Chain |       |       |       |       |     2 |       ||     2
Ability: Breathe Fire      |       |       |       |       |     2 |     6 ||     8
         End Transformatio |       |       |       |       |     2 |     1 ||     3
  Evoke: Wand              |       |       |     8 |     5 |    17 |       ||    30
         Tin of tremorston |       |       |       |       |     3 |       ||     3
    Use: Potion            |     1 |       |     1 |     2 |     6 |     5 ||    15
         Scroll            |       |       |     2 |     3 |    11 |     7 ||    23
   Stab: Sleeping          |     8 |     1 |     8 |    13 |    21 |     5 ||    56
         Distracted        |       |       |     1 |     1 |     1 |       ||     3
 Armour: Robe              |    25 |    61 |   144 |       |     3 |     1 ||   234
         Troll leather arm |       |       |    60 |   142 |   188 |       ||   390
         Skin              |       |       |       |       |   102 |   244 ||   346
  Dodge: Dodged            |    62 |   141 |   584 |   422 |   846 |   363 ||  2418

Table legend: (Time is in decaauts)
 A = Elapsed time spent in this place.
 B = Non-inter-level travel time spent in this place.
 C = Inter-level travel time spent in this place.
 D = Time resting spent in this place.
 E = Time spent auto-exploring this place.
 F = Levels seen in this place.
 G = Mean time per level.
                   A        B        C        D        E       F      G
               +--------+--------+--------+--------+--------+-----+--------+
         Total |  30248 |  27798 |   2450 |   1606 |  19581 |  32 |  945.2 |
       Dungeon |  13618 |  12327 |   1291 |    427 |   8785 |  15 |  907.9 |
        Temple |    200 |    171 |     29 |      0 |    163 |   1 |  200.0 |
          Lair |   6307 |   5614 |    693 |    177 |   4145 |   5 | 1261.4 |
        Shoals |   1022 |   1011 |     11 |      0 |    800 |   2 |  511.0 |
     Snake Pit |   6228 |   5932 |    296 |    523 |   4303 |   4 | 1557.0 |
  Orcish Mines |   1704 |   1576 |    128 |     47 |   1207 |   2 |  852.0 |
         Abyss |    618 |    618 |      0 |    389 |     41 |   1 |  618.0 |
         Sewer |    200 |    200 |      0 |     18 |     74 |   1 |  200.0 |
      Ice Cave |    347 |    347 |      0 |     25 |     62 |   1 |  347.0 |
               +--------+--------+--------+--------+--------+-----+--------+

Top non-repeatable levels by time:
 Snake:4: 2260 daAuts
 Snake:3: 1845 daAuts
    D:14: 1732 daAuts
  Lair:1: 1611 daAuts
    D:12: 1421 daAuts
  Lair:4: 1348 daAuts
    D:10: 1340 daAuts
  Lair:5: 1307 daAuts
    D:11: 1265 daAuts
 Snake:1: 1253 daAuts
   Orc:2: 1115 daAuts
     D:6: 1107 daAuts
  Lair:3: 1101 daAuts
     D:9: 1041 daAuts
Shoals:1: 981 daAuts
